[Event "Late-Titled-Tuesday-Blitz-June-18-2024"]
[Site "Chess.com"]
[Date "2024.06.18"]
[Round "1"]
[White "Chessgod9oninsta"]
[Black "CheckBits"]
[Result "1-0"]
[WhiteElo "2729"]
[BlackElo "2404"]
[TimeControl "180+1"]
[EndTime "14:05:01 PDT"]
[Termination "Chessgod9oninsta won by resignation"]

1. d3 d5 2. Nf3 c6 3. g3 Nf6 4. Bg2 Nbd7 5. O-O e5 6. b3 Bd6 7. Bb2 O-O 8. c4 Re8 9. Nbd2 Nf8 10. e4 dxe4 11. Nxe4 Nxe4 12. dxe4 Qe7 13. Qc2 Bg4 14.
h3 Bd7 15. Rad1 Rad8 16. Rd3 Bc8 17. Rfd1 f6 18. c5 Bc7 19. Rxd8 Rxd8 20. Rxd8 Qxd8 21.
Bf1 Kh8 22. Kh2 Be6 23. Bc4 Qd7 24. Bxe6 Nxe6 25. b4 b6 26. Bc1 bxc5 27. bxc5 Kg8 28. Be3 Kf7 29. Nd2 Bd8 30. Qc4 Kf8 31. Nb3 Be7 32. f4 exf4 33. gxf4 g6 34. f5 gxf5 35. exf5 Ng5 36. Bxg5 fxg5 37. Nd4 Bf6 38. Ne6+ Ke7 39. Qe2 Qd5 40. Kg1 Qxf5 41. Nd4+ Qe5 42. Nxc6+ 1-0

[Event "Late-Titled-Tuesday-Blitz-June-18-2024"]
[Site "Chess.com"]
[Date "2024.06.18"]
[Round "1"]
[White "Msb2"]
[Black "topce"]
[Result "1-0"]
[WhiteElo "3071"]
[BlackElo "2520"]
[TimeControl "180+1"]
[EndTime "14:05:04 PDT"]
[Termination "Msb2 won by resignation"]

1. d4 Nf6 2. c4 c5 3. d5 g6 4. Nc3 Bg7 5. e4 d6 6. h3 O-O 7. Nf3 e6 8. Bd3 exd5 9. cxd5 b5 10. Nxb5 Re8 11. O-O Nxe4 12. Bxe4 Rxe4 13. Nc3 Re8 14. Bg5 Qd7 15. Qd2 Bb7 16. Bh6 Bh8 17. Qf4 Na6 18. Ne4 Rxe4 19. Qxe4 Nc7 20. Rfe1 Nxd5 21. Rad1 Nc3 22.
Rxd6 Qxd6 23. Qe8+ Qf8 24. Bxf8 Rxe8 25. Rxe8 Bc6 26. Rb8 Ne2+ 27. Kf1 f6 28. Bh6+ Kf7 29. Kxe2 Bxf3+ 30. Kxf3 1-0

[Event "Late-Titled-Tuesday-Blitz-June-18-2024"]
[Site "Chess.com"]
[Date "2024.06.18"]
[Round "1"]
[White "secretworker2027"]
[Black "AsaHoffmann"]
[Result "1-0"]
[WhiteElo "2662"]
[BlackElo "2358"]
[TimeControl "180+1"]
[EndTime "14:05:05 PDT"]
[Termination "secretworker2027 won by resignation"]

1. e4 d6 2. d4 Nf6 3. Nc3 c6 4. g3 Nbd7 5. Bg2 e5 6. Nge2 Be7 7. O-O Qc7 8. h3 b5 9. a3 a6 10.
Be3 Bb7 11. Qd2 c5 12. d5 c4 13. g4 Nc5 14. Ng3 g6 15. f4 exf4 16. Rxf4 Nfd7 17. Raf1 O-O 18. Nce2 Ne5 19. Nd4 Bg5 20. R4f2 Bxe3 21. Qxe3 Bc8 22. Qh6 Qe7 23. Rf6 Ncd7 24. g5 Nc5 25. R1f4 Bg4 26. hxg4 Ncd7 27. Ngf5 1-0

[Event "Late-Titled-Tuesday-Blitz-June-18-2024"]
[Site "Chess.com"]
[Date "2024.06.18"]
[Round "1"]
[White "s-dshubin"]
[Black "arctic_t00"]
[Result "0-1"]
[WhiteElo "2402"]
[BlackElo "2729"]
[TimeControl "180+1"]
[EndTime "14:05:06 PDT"]
[Termination "arctic_t00 won by resignation"]

1. e4 e6 2. d4 d5 3. Nc3 Nf6 4.
exd5 exd5 5. Bd3 Be7 6. Bg5 O-O 7. Qd2 c6 8. O-O-O b5 9. h4 b4 10. Na4 a5 11. Nf3 Ba6 12. Ne5 Bxd3 13. cxd3 Nbd7 14.
Nxc6 Qc7 15. Qc2 Bd6 16. Ne5 Bxe5 17. dxe5 Qxe5 18. d4 Qd6 19. Qf5 Ne4 20. Be3 Qc6+ 21. Nc5 Ndxc5 22. dxc5 Nxc5 23. Qxd5 Nd3+ 24. Kb1 Qxd5 25. Rd2 Qe4 26. Rhd1 Nxf2+ 27. Ka1 Nxd1 28. Rxd1 Qxe3 0-1

[Event "Late-Titled-Tuesday-Blitz-June-18-2024"]
[Site "Chess.com"]
[Date "2024.06.18"]
[Round "1"]
[White "Road2GM3000"]
[Black "Rutricks"]
[Result "0-1"]
[WhiteElo "2455"]
[BlackElo "2810"]
[TimeControl "180+1"]
[EndTime "14:05:09 PDT"]
[Termination "Rutricks won by resignation"]

1. d4 g6 2. c4 Bg7 3. Nc3 d6 4. e4 Nd7 5. f4 e5 6. fxe5 dxe5 7. d5 Nh6 8. Nf3 O-O 9. Bd3 f5 10. Bg5 Qe8 11. Nb5 Nc5 12. Nxc7 Qf7 13. Nxa8 fxe4 14.
O-O Nxd3 15. Nd2 Bf5 16. Nxe4 Nf4 17. Nd6 Qd7 18. Nxf5 Nxf5 19. Bxf4 exf4 20. Rxf4 Qd6 21. Qf1 Rxa8 22. Re1 Be5 23. Rfe4 Bxh2+ 24. Kf2 Bg3+ 25. Kg1 Bh2+ 26. Kf2 Rf8 27. Re8 Ng3+ 28. Rxf8+ Qxf8+ 29. Ke3 Nxf1+ 0-1

[Event "Late-Titled-Tuesday-Blitz-June-18-2024"]
[Site "Chess.com"]
[Date "2024.06.18"]
[Round "1"]
[White "edgarhay012"]
[Black "CoachVadim"]
[Result "1-0"]
[WhiteElo "2703"]
[BlackElo "2379"]
[TimeControl "180+1"]
[EndTime "14:05:09 PDT"]
[Termination "edgarhay012 won by resignation"]

1. e4 c5 2. Nc3 Nc6 3. Bb5 Nd4 4. Bc4 g6 5. Nf3 Bg7 6. Nxd4 cxd4 7. Qf3 e6 8. Nb5 d6 9. Qa3 Ke7 10. c3 dxc3 11.
dxc3 a6 12. Nd4 Nf6 13. Bg5 h6 14. Bxf6+ Bxf6 15. O-O Re8 16. Rad1 Kf8 17. Rfe1 Kg8 18. h3 Qc7 19. Bf1 Bd7 20. Nf3 Be7 21. Qb3 a5 22. a3 a4 23. Qc2 Bc6 24. Nd4 Kg7 25. Qd3 Qb6 26. Rd2 Red8 27. Red1 Bf6 28. Qb1 Ra5 29. Nf3 h5 30. Qc2 Be7 31. Bc4 Qc5 32. Ba2 f5 33.
Nd4 Bd7 34. Bxe6 Qxd4 35. cxd4 Bxe6 36. Qc7 1-0

[Event "Late-Titled-Tuesday-Blitz-June-18-2024"]
[Site "Chess.com"]
[Date "2024.06.18"]
[Round "1"]
[White "HalfIsCrayfish"]
[Black "MikeSailer"]
[Result "1-0"]
[WhiteElo "2554"]
[BlackElo "2060"]
[TimeControl "180+1"]
[EndTime "14:05:11 PDT"]
[Termination "HalfIsCrayfish won by resignation"]

1. d4 d5 2. c4 c6 3. Nf3 Nf6 4. e3 Bg4 5. h3 Bh5 6. Nc3 e6 7. g4 Bg6 8. Ne5 Nbd7 9. Nxg6 hxg6 10.
Bd2 Bd6 11. Be2 Qe7 12. Qc2 a6 13. O-O-O c5 14. cxd5 exd5 15. Kb1 c4 16. f3 O-O 17. h4 b5 18. h5 gxh5 19. g5 b4 20. gxf6 Nxf6 21.
Na4 c3 22. bxc3 bxc3 23. Nxc3 Rfc8 24. Ka1 a5 25. Qf5 Bb4 26. Nxd5 Nxd5 27. Qxh5 f6 28. Qxd5+ 1-0

[Event "Late-Titled-Tuesday-Blitz-June-18-2024"]
[Site "Chess.com"]
[Date "2024.06.18"]
[Round "1"]
[White "romulocardoso"]
[Black "ArtemDyachuk"]
[Result "0-1"]
[WhiteElo "2319"]
[BlackElo "2635"]
[TimeControl "180+1"]
[EndTime "14:05:12 PDT"]
[Termination "ArtemDyachuk won on time"]

1. e4 c5 2. Nf3 d6 3. d4 cxd4 4. Nxd4 Nf6 5. Nc3 a6 6. f3 e5 7. Nb3 Be6 8. Be3 Nbd7 9. Qd2 b5 10. O-O-O Nb6 11. Na5 Qc7 12. g4 b4 13. Nb1 d5 14. g5 d4 15. gxf6 dxe3 16. Qxe3 gxf6 17. h4 h5 18. Nd2 Bh6 19. Qf2 Bxa2 20. b3 Qc3 0-1

[Event "Late-Titled-Tuesday-Blitz-June-18-2024"]
[Site "Chess.com"]
[Date "2024.06.18"]
[Round "1"]
[White "DenLaz"]
[Black "VacheH009"]
[Result "1-0"]
[WhiteElo "3088"]
[BlackElo "2524"]
[TimeControl "180+1"]
[EndTime "14:05:14 PDT"]
[Termination "DenLaz won by resignation"]

1. d4 Nf6 2. c4 e6 3. Nf3 d5 4. Nc3 Bb4 5. Bg5 h6 6. Bxf6 Qxf6 7. e3 O-O 8. Rc1 dxc4 9. Bxc4 c5 10. Qb3 Nc6 11.
dxc5 Bxc5 12. Ne4 Bb4+ 13. Qxb4 Nxb4 14. Nxf6+ gxf6 15. a3 Nc6 16. Ke2 Bd7 17. Rhd1 Rfd8 18. Bd3 Be8 19. g4 Rac8 20. Be4 Na5 21. Rxd8 Rxd8 22. Nd4 Nc6 23. Bxc6 Bxc6 24. Nxc6 bxc6 25. Rxc6 Rb8 26. b4 Rb7 27. Kd3 Kg7 28. Kc3 Kg6 29. Rc5 Rd7 30. a4 Rd6 31. b5 a6 32.
Rc6 Rd8 33. Rxa6 Kg5 34. b6 Kxg4 35. b7 Rb8 36. Rb6 Kf3 37. a5 Kxf2 38. a6 1-0

[Event "Late-Titled-Tuesday-Blitz-June-18-2024"]
[Site "Chess.com"]
[Date "2024.06.18"]
[Round "1"]
[White "Hikaru"]
[Black "Itay121"]
[Result "1-0"]
[WhiteElo "3301"]
[BlackElo "2535"]
[TimeControl "180+1"]
[EndTime "14:05:15 PDT"]
[Termination "Hikaru won by checkmate"]

1. Nf3 d5 2. b3 c5 3. e3 Nf6 4. Bb2 g6 5. d4 cxd4 6. Nxd4 Bg7 7. Be2 O-O 8. O-O Nc6 9. Nxc6 bxc6 10. c4 Bf5 11. Qc1 Ne4 12. Bxg7 Kxg7 13. Rd1 Rc8 14. Qb2+ Kg8 15. Nd2 Nxd2 16. Rxd2 Qa5 17. b4 Qd8 18. Rad1 Be6 19. Bf3 Qb6 20. cxd5 cxd5 21. Bxd5 Bxd5 22. Rxd5 Rb8 23. a3 a5 24. Rb1 axb4 25. axb4 Rfc8 26. h3 e6 27. Rd4 Qb5 28. Rbd1 e5 29. Rd5 Qc4 30. b5 e4 31. b6 Qc6 32. Rd6 Qb7 33. Qf6 Rf8 34. h4 h5 35.
R1d5 Rbc8 36. Rxh5 Rc1+ 37. Kh2 Rh1+ 38. Kxh1 gxh5 39.
Qg5+ Kh7 40. Rh6# 1-0

[Event "Late-Titled-Tuesday-Blitz-June-18-2024"]
[Site "Chess.com"]
[Date "2024.06.18"]
[Round "1"]
[White "cristiano78"]
[Black "ahkashefi2800"]
[Result "0-1"]
[WhiteElo "2225"]
[BlackElo "2603"]
[TimeControl "180+1"]
[EndTime "14:05:15 PDT"]
[Termination "ahkashefi2800 won by resignation"]

1. d4 Nf6 2. c4 e6 3. Nf3 b6 4. g3 Bb7 5. Bg2 Bb4+ 6. Bd2 Bxd2+ 7. Nbxd2 O-O 8. O-O d6 9. Qc1 Nbd7 10. b4 a5 11.
a3 Ne4 12. Nxe4 Bxe4 13. Nd2 Bxg2 14. Kxg2 e5 15. Qc3 Qf6 16. Ne4 Qg6 17. Qd3 exd4 18. Qxd4 Rfe8 19. Nc3 Ne5 20. Nd5 Nc6 21. Qd1 axb4 22.
Nxc7 bxa3 23. Nxe8 Qe4+ 24. f3 Qxe8 25. Qxd6 a2 26.
e4 Ra4 27. Rfd1 h5 28. Rd2 Nb4 29. Rb2 Qe6 30. Rxb4 Qxd6 31. Rxa4 Qd2+ 32. Kh3 Qd7+ 33. Kg2 Qxa4 0-1

[Event "Late-Titled-Tuesday-Blitz-June-18-2024"]
[Site "Chess.com"]
[Date "2024.06.18"]
[Round "1"]
[White "zsizsi99"]
[Black "enriquebutti"]
[Result "1-0"]
[WhiteElo "2561"]
[BlackElo "2094"]
[TimeControl "180+1"]
[EndTime "14:05:15 PDT"]
[Termination "zsizsi99 won by resignation"]

1. d4 d5 2. c4 c6 3. Nf3 Nf6 4. cxd5 cxd5 5. Nc3 Nc6 6. Bf4 Bf5 7. Qb3 Qd7 8. Ne5 Nxe5 9. dxe5 Ne4 10. Qxd5 Nxc3 11. Qxd7+ Bxd7 12. bxc3 Rc8 13. Kd2 e6 14. Rb1 b6 15. e3 Bc5 16. Bb5 Bxb5 17. Rxb5 Ke7 18. Bg5+ Kd7 19. Kc2 Kc6 20. Rbb1 h6 21. Bh4 g5 22. Bg3 Rcd8 23. h4 g4 24. h5 Be7 25.
Bh4 Bxh4 26. Rxh4 Rhg8 27. Rb4 g3 28. f3 Rg5 29. Rbc4+ Kb7 30. Rce4 Rgg8 31. Ref4 Rd7 32. Rf6 Rgd8 33. Rd4 1-0

[Event "Late-Titled-Tuesday-Blitz-June-18-2024"]
[Site "Chess.com"]
[Date "2024.06.18"]
[Round "1"]
[White "kaanadayhamle"]
[Black "poseidon5191"]
[Result "1-0"]
[WhiteElo "2389"]
[BlackElo "2648"]
[TimeControl "180+1"]
[EndTime "14:05:17 PDT"]
[Termination "kaanadayhamle won by resignation"]

1. d4 d5 2. c4 dxc4 3. e3 Nf6 4. Bxc4 a6 5. a4 e6 6. Nf3 c5 7. O-O Nc6 8. Nc3 Qc7 9. Bb3 Bd6 10. Re1 O-O 11. h3 b6 12. d5 exd5 13. Nxd5 Nxd5 14.
Bxd5 Bb7 15. e4 Rad8 16. Be3 Nb4 17. Bxb7 Bh2+ 18. Nxh2 Rxd1 19. Raxd1 Qxb7 20. Bf4 Nc2 21. Re2 Nd4 22. Re3 Re8 23. Nf3 Rxe4 24. Nxd4 Rxe3 25.
Bxe3 cxd4 26. Rxd4 h6 27. Rd8+ Kh7 28. Rd6 b5 29. Rb6 Qd7 30. a5 Qd1+ 31. Kh2 Qe2 32. b4 Qc4 33. Bc5 Qf4+ 34. g3 Qc4 35. Rxa6 h5 36.
h4 f6 37. Ra7 Kh6 38. Be3+ Kg6 39. Bc5 Kh6 40. a6 Qa2 41. Ra8 Kg6 42. a7 1-0

[Event "Late-Titled-Tuesday-Blitz-June-18-2024"]
[Site "Chess.com"]
[Date "2024.06.18"]
[Round "1"]
[White "JAN2404"]
[Black "Orest_Vovk"]
[Result "0-1"]
[WhiteElo "2069"]
[BlackElo "2557"]
[TimeControl "180+1"]
[EndTime "14:05:19 PDT"]
[Termination "Orest_Vovk won by resignation"]

1. e4 g5 2. Nc3 Bg7 3. d4 c5 4.
Be3 h6 5. Bc4 Nc6 6. Nge2 cxd4 7.
Nxd4 d6 8. Qd2 Nf6 9. h4 g4 10. O-O-O Qa5 11. Kb1 a6 12. Rhe1 Ne5 13. Bb3 Bd7 14.
Bf4 Rc8 15. Nd5 Qxd2 16. Rxd2 Nxd5 17. Bxd5 Nc4 18. Rdd1 O-O 19. Nf5 Bxf5 20. exf5 Nxb2 21. Bxh6 Nxd1 22. Bxg7 Kxg7 23. Rxd1 Rc5 24. Rd4 Kf6 25. Kc1 Ke5 0-1

[Event "Late-Titled-Tuesday-Blitz-June-18-2024"]
[Site "Chess.com"]
[Date "2024.06.18"]
[Round "1"]
[White "vesalhamedinia"]
[Black "tptagain"]
[Result "0-1"]
[WhiteElo "2501"]
[BlackElo "2952"]
[TimeControl "180+1"]
[EndTime "14:05:20 PDT"]
[Termination "tptagain won by resignation"]

1. d4 d5 2. c4 e6 3. Nc3 c6 4.
cxd5 exd5 5. Qc2 g6 6. Bf4 Bf5 7. Qb3 Qb6 8. e3 Nd7 9. Nf3 Qxb3 10. axb3 Ngf6 11. Be2 Bc2 12. Nd2 h6 13. h4 Bb4 14.
Rc1 Bf5 15. f3 h5 16. Kf2 Kf8 17. Rhd1 Kg7 18. Na2 Be7 19. b4 a6 20. Nb3 Ne8 21.
Na5 Ra7 22. Nc3 Bxb4 23. Nb3 Be6 24. Na4 Be7 25. Nac5 Nxc5 26. Nxc5 Bxh4+ 27. g3 Be7 28. b4 Bc8 29. Be5+ f6 30. Bb8 Ra8 31. Bf4 g5 0-1

[Event "Late-Titled-Tuesday-Blitz-June-18-2024"]
[Site "Chess.com"]
[Date "2024.06.18"]
[Round "1"]
[White "GHANDEEVAM2003"]
[Black "bob1263"]
[Result "1-0"]
[WhiteElo "2982"]
[BlackElo "2506"]
[TimeControl "180+1"]
[EndTime "14:05:27 PDT"]
[Termination "GHANDEEVAM2003 won on time"]

1. Nf3 Nf6 2. b3 g6 3. Bb2 Bg7 4. c4 O-O 5. g3 b6 6. Bg2 Bb7 7.
O-O c5 8. d4 cxd4 9. Qxd4 Na6 10. Rd1 Nc5 11. Qh4 e6 12. Nbd2 Nfe4 13. Bxg7 Kxg7 14.
Nxe4 Nxe4 15. Ng5 Nxg5 16. Bxb7 Rb8 17. Qd4+ Qf6 18. Qxf6+ Kxf6 19. Rxd7 h5 20. h4 Nh7 21. Rad1 g5 22. Be4 Kg7 23. Bxh7 Kxh7 24. hxg5 a5 25. f4 Kg6 26. Kf2 1-0

[Event "Late-Titled-Tuesday-Blitz-June-18-2024"]
[Site "Chess.com"]
[Date "2024.06.18"]
[Round "1"]
[White "Skillcam"]
[Black "Alina_Gumerovna"]
[Result "1-0"]
[WhiteElo "2589"]
[BlackElo "2191"]
[TimeControl "180+1"]
[EndTime "14:05:28 PDT"]
[Termination "Skillcam won on time"]

1. Nf3 Nf6 2. c4 g6 3. b3 Bg7 4. Bb2 O-O 5. Nc3 c5 6. e3 Nc6 7.
Be2 e5 8. O-O d6 9. d3 Ne8 10.
Qc2 f5 11. a3 a5 12. Nb5 g5 13. Rfd1 g4 14. Ne1 Nf6 15. d4 exd4 16. exd4 cxd4 17. Nxd4 Ne4 18. f3 Ng5 19. Nxc6 bxc6 20. Bxg7 Kxg7 21. Qd3 Rf6 22. Rd2 Qb6+ 23. Kh1 Bd7 24. Rad1 Re8 25.
Qc3 Kg6 26. Rxd6 Be6 27. Nd3 Qe3 28. Ne5+ Kg7 29. Qxe3 1-0

[Event "Late-Titled-Tuesday-Blitz-June-18-2024"]
[Site "Chess.com"]
[Date "2024.06.18"]
[Round "1"]
[White "el_sporco"]
[Black "marvinguevara"]
[Result "1-0"]
[WhiteElo "2572"]
[BlackElo "2149"]
[TimeControl "180+1"]
[EndTime "14:05:28 PDT"]
[Termination "el_sporco won by resignation"]

1. e4 c5 2. Nf3 Nc6 3. d4 cxd4 4.
Nxd4 e5 5. Nb5 a6 6. Nd6+ Bxd6 7. Qxd6 Qf6 8. Qxf6 Nxf6 9. Bd3 O-O 10. O-O d5 11.
Nc3 d4 12. Nd5 Nxd5 13. exd5 Nb4 14. Re1 Nxd3 15. cxd3 f6 16. f4 Bf5 17. fxe5 fxe5 18.
Rxe5 Bxd3 19. Bd2 Rae8 20. Re6 Bc4 21. Rae1 Rxe6 22. dxe6 Re8 23. e7 h6 24. Bb4 d3 25.
Re4 Bxa2 26. Rd4 Bb1 27. Rd7 b6 28. Kf2 a5 29. Ba3 b5 30. Bc5 Kf7 31. Ke3 Ke6 32. Rd8 Kf7 33. Kd2 g5 34. h4 gxh4 35.
Rd4 Ke6 36. Rxh4 Kd5 37. Rh5+ Kc6 38. b4 a4 39. Rxh6+ Kd5 40. Rd6+ Kc4 41. Rd8 Rxe7 42. Bxe7 a3 43. Ra8 a2 44. g4 Kd5 45. Ra6 Ke5 46.
g5 1-0

[Event "Late-Titled-Tuesday-Blitz-June-18-2024"]
[Site "Chess.com"]
[Date "2024.06.18"]
[Round "1"]
[White "rhungaski"]
[Black "Cacriefils1984"]
[Result "1-0"]
[WhiteElo "2612"]
[BlackElo "2261"]
[TimeControl "180+1"]
[EndTime "14:05:29 PDT"]
[Termination "rhungaski won by checkmate"]

1. Nf3 Nf6 2. c4 g6 3. Nc3 Bg7 4. e4 d6 5. d4 O-O 6. Be2 e5 7.
d5 a5 8. Bg5 h6 9. Bh4 Na6 10.
Nd2 Bd7 11. Rb1 Nc5 12. f3 g5 13. Bf2 b6 14. b3 Nh5 15. g3 Bh3 16. a3 Qd7 17. b4 axb4 18. axb4 Na4 19. Nb5 f5 20. Qc2 fxe4 21. Nxe4 Nf6 22. Ra1 Nxe4 23. fxe4 Bg2 24.
Rg1 Bxe4 25. Qxe4 Nc3 26. Nxc3 Rxa1+ 27. Kd2 Ra3 28. Be3 Rfa8 29. Bd3 Bh8 30. Qg6+ Qg7 31.
Qe6+ Qf7 32. Be4 Qxe6 33. dxe6 Re8 34. Rf1 Bg7 35. Bd5 Kh7 36. Rf7 Kg6 37. g4 c6 38.
Be4# 1-0

[Event "Late-Titled-Tuesday-Blitz-June-18-2024"]
[Site "Chess.com"]
[Date "2024.06.18"]
[Round "1"]
[White "Legit"]
[Black "Jahonas"]
[Result "1-0"]
[WhiteElo "2729"]
[BlackElo "2402"]
[TimeControl "180+1"]
[EndTime "14:05:31 PDT"]
[Termination "Legit won by resignation"]

1. d4 Nf6 2. Nf3 g6 3. c4 Bg7 4. Nc3 d5 5. Qb3 c6 6. cxd5 cxd5 7. Bf4 O-O 8. e3 Nc6 9. h3 b6 10. Rc1 Bb7 11. Bd3 Rc8 12. O-O e6 13. Qd1 a6 14.
a3 b5 15. Qe2 Qb6 16. Nb1 Na5 17. Nbd2 Nc4 18. Rc2 Nd7 19. Rfc1 Rc6 20. a4 Rfc8 21.
axb5 axb5 22. Nb3 b4 23. e4 Na5 24. Rxc6 Rxc6 25. Rxc6 Bxc6 26. Nxa5 Qxa5 27. Qc2 Qa8 28. e5 Bf8 29. h4 h5 30. Ng5 Nb6 31. Bxg6 b3 32. Bxf7+ 1-0

[Event "Late-Titled-Tuesday-Blitz-June-18-2024"]
[Site "Chess.com"]
[Date "2024.06.18"]
[Round "1"]
[White "Dolphin_2010"]
[Black "sansanathalia"]
[Result "1-0"]
[WhiteElo "2782"]
[BlackElo "2438"]
[TimeControl "180+1"]
[EndTime "14:05:34 PDT"]
[Termination "Dolphin_2010 won by resignation"]

1. d4 Nf6 2. Bg5 d5 3. Bxf6 exf6 4. e3 Be6 5. c4 c6 6. cxd5 Bxd5 7. Nc3 Be6 8. Nge2 Be7 9. Nf4 Bd7 10. Bd3 O-O 11. O-O f5 12. Rc1 g6 13. a3 Bf6 14. Na4 b6 15. b4 a5 16. Qb3 axb4 17. axb4 Na6 18. b5 cxb5 19. Bxb5 Bxb5 20. Qxb5 Bg5 21. Nd5 Qd6 22. Naxb6 Rab8 23. Qxa6 1-0

[Event "Late-Titled-Tuesday-Blitz-June-18-2024"]
[Site "Chess.com"]
[Date "2024.06.18"]
[Round "1"]
[White "Patricius007"]
[Black "protectiago"]
[Result "1-0"]
[WhiteElo "2565"]
[BlackElo "2132"]
[TimeControl "180+1"]
[EndTime "14:05:34 PDT"]
[Termination "Patricius007 won on time"]

1. e4 e5 2. Nf3 Nc6 3. Bc4 Bc5 4. d3 Nf6 5. O-O d6 6. c3 Bb6 7. h3 a5 8. Nbd2 Ne7 9. Re1 Ng6 10. Nf1 O-O 11.
Be3 c6 12. a4 Bc7 13. Ng3 d5 14. Bb3 Re8 15. Qc2 Be6 16. Rad1 Qb8 17. Ng5 Nf4 18. Nxe6 Nxe6 19. Nf5 dxe4 20. dxe4 b5 21. Rd2 b4 22.
Red1 bxc3 23. bxc3 Qb7 24. Nd6 Bxd6 25. Rxd6 Rab8 26.
Bxe6 Rxe6 27. Rxe6 fxe6 28. Qa2 Qb3 29. Rd8+ Kf7 30.
Qd2 Rxd8 31. Qxd8 Qxc3 32. Qc7+ Kg6 33. Qc8 Qa1+ 34. Kh2 Qxa4 35. f3 Qb5 36. Qxe6 a4 37. h4 h6 38. h5+ 1-0

[Event "Late-Titled-Tuesday-Blitz-June-18-2024"]
[Site "Chess.com"]
[Date "2024.06.18"]
[Round "1"]
[White "AlexOstrovskiy"]
[Black "EliteChess0967"]
[Result "1-0"]
[WhiteElo "2720"]
[BlackElo "2397"]
[TimeControl "180+1"]
[EndTime "14:05:37 PDT"]
[Termination "AlexOstrovskiy won by checkmate"]

1. d4 d5 2. Bf4 Nf6 3. e3 c5 4. c3 e6 5. Nd2 Bd6 6. Bxd6 Qxd6 7.
f4 b6 8. Ngf3 Bb7 9. Ne5 O-O 10.
Bd3 Nbd7 11. Qf3 a5 12. g4 cxd4 13. exd4 Ne8 14. Qh3 h6 15. g5 f6 16. gxf6 Nexf6 17.
Rg1 Ne4 18. Qxh6 Qe7 19. O-O-O Rf6 20. Qh5 Qe8 21. Ng6 Nf2 22. Qh8+ Kf7 23. Ne5+ Nxe5 24. Rxg7# 1-0

[Event "Late-Titled-Tuesday-Blitz-June-18-2024"]
[Site "Chess.com"]
[Date "2024.06.18"]
[Round "1"]
[White "xakevicius91"]
[Black "KebabJangles"]
[Result "1-0"]
[WhiteElo "2626"]
[BlackElo "2297"]
[TimeControl "180+1"]
[EndTime "14:05:38 PDT"]
[Termination "xakevicius91 won by checkmate"]

1. e4 c5 2. Nf3 e6 3. b3 Nc6 4. Bb2 d6 5. d4 cxd4 6. Nxd4 Nf6 7. Bd3 Be7 8. O-O O-O 9. Nxc6 bxc6 10. e5 Nd5 11. Qf3 f6 12. exd6 Bxd6 13. Nd2 Nf4 14. Nc4 Bc7 15. Rad1 Qe8 16. Be4 Bb7 17. Nd6 Bxd6 18.
Rxd6 Nd5 19. c4 Ne7 20. Rxe6 Qd7 21. Re1 Rae8 22. Bb1 c5 23. Qh3 Ng6 24. Bf5 Qf7 25. Bc3 Nf4 26. Qxh7# 1-0

[Event "Late-Titled-Tuesday-Blitz-June-18-2024"]
[Site "Chess.com"]
[Date "2024.06.18"]
[Round "1"]
[White "madmax011"]
[Black "slidingknight2775"]
[Result "0-1"]
[WhiteElo "2387"]
[BlackElo "2712"]
[TimeControl "180+1"]
[EndTime "14:05:40 PDT"]
[Termination "slidingknight2775 won by resignation"]

1. d4 Nf6 2. c4 e6 3. Nc3 Bb4 4. e3 O-O 5. Bd3 d5 6. Nf3 dxc4 7. Bxc4 c5 8. O-O cxd4 9. exd4 b6 10. a3 Bxc3 11.
bxc3 Qc7 12. Ne5 Nbd7 13. Qe2 Bb7 14. Bd2 Nxe5 15. dxe5 Nd5 16. Rac1 Qc5 17. a4 Ne7 18. Bd3 Ng6 19. Rfe1 Rfd8 20. h4 Qd5 21. Be4 Qxe4 22.
Qxe4 Bxe4 23. Rxe4 Rxd2 24. h5 Ne7 25. c4 Rc8 26.
Ra1 Rc5 27. f4 g6 28. h6 Nf5 29. Kh2 Nxh6 30. Kh3 Nf5 31. Ra3 h5 32. g4 hxg4+ 33.
Kxg4 Rd4 34. Rxd4 Nxd4 35. Kg5 Kg7 36. Rd3 Rxc4 0-1

[Event "Late-Titled-Tuesday-Blitz-June-18-2024"]
[Site "Chess.com"]
[Date "2024.06.18"]
[Round "1"]
[White "Cxrjs"]
[Black "legendisback1"]
[Result "0-1"]
[WhiteElo "2511"]
[BlackElo "3019"]
[TimeControl "180+1"]
[EndTime "14:05:42 PDT"]
[Termination "legendisback1 won by checkmate"]

1. e4 a6 2. d4 e6 3. Nc3 d5 4.
e5 c5 5. Nce2 cxd4 6. Nxd4 Ne7 7. Ngf3 Nbc6 8. c3 Ng6 9. Nxc6 bxc6 10. Bd3 a5 11. O-O Ba6 12. Bxa6 Rxa6 13. Qe2 Ra8 14. c4 Be7 15. cxd5 cxd5 16. g3 O-O 17. h4 h5 18.
Be3 Qb8 19. Bd4 Rc8 20. Nh2 Rc4 21. Rfd1 Bc5 22. Bxc5 Rxc5 23. Nf3 Rc4 24. Ng5 Rg4 25. f3 Rxg3+ 26. Kh2 Qb4 27. Ne4 Nf4 28. Qe3 Rh3+ 29. Kg1 dxe4 30. Qxf4 Rxf3 31. Qg5 Qb6+ 32. Kh1 Qxb2 33.
Rg1 Rh3# 0-1

[Event "Late-Titled-Tuesday-Blitz-June-18-2024"]
[Site "Chess.com"]
[Date "2024.06.18"]
[Round "1"]
[White "JacksterThePro"]
[Black "cthake"]
[Result "0-1"]
[WhiteElo "2521"]
[BlackElo "1840"]
[TimeControl "180+1"]
[EndTime "14:05:43 PDT"]
[Termination "cthake won on time"]

1. d4 Nf6 2. Bf4 d6 3. Nc3 g6 4. e4 Bg7 5. Qd2 O-O 6. h4 h5 7. O-O-O c6 8. Bh6 b5 9. Bxg7 Kxg7 10. Bd3 Qa5 11. Kb1 Be6 12. a3 Na6 13. Nge2 b4 14.
axb4 Nxb4 15. Nf4 Ba2+ 16. Kc1 Nxd3+ 17. Qxd3 Rab8 18. e5 Nd5 19. Ncxd5 Bxd5 20. b3 dxe5 21. dxe5 Qa1+ 22. Kd2 Qxe5 0-1

[Event "Late-Titled-Tuesday-Blitz-June-18-2024"]
[Site "Chess.com"]
[Date "2024.06.18"]
[Round "1"]
[White "Matalon"]
[Black "KNVB"]
[Result "1-0"]
[WhiteElo "2469"]
[BlackElo "2792"]
[TimeControl "180+1"]
[EndTime "14:05:44 PDT"]
[Termination "Matalon won on time"]

1. e4 e5 2. Nf3 Nc6 3. Bb5 Qf6 4.
O-O Bc5 5. c3 Nge7 6. Re1 a6 7.
Ba4 h6 8. d4 Bb6 9. Be3 O-O 10.
dxe5 Nxe5 11. Nxe5 Bxe3 12. Ng4 Bxf2+ 13. Nxf2 d6 14.
Nd2 Ng6 15. Nf3 c6 16. Qd4 Qe7 17. Rad1 Rd8 18. Bb3 Be6 19. Qd2 Bxb3 20. axb3 Qf6 21. Ng4 Qe6 22. h3 Qxb3 23. Nd4 Qc4 24. Nf5 h5 25.
Nf6+ Kf8 26. Nxh5 Qc5+ 27. Qd4 1-0

[Event "Late-Titled-Tuesday-Blitz-June-18-2024"]
[Site "Chess.com"]
[Date "2024.06.18"]
[Round "1"]
[White "patzer-reloaded"]
[Black "nochewycandy"]
[Result "0-1"]
[WhiteElo "2461"]
[BlackElo "2815"]
[TimeControl "180+1"]
[EndTime "14:05:45 PDT"]
[Termination "nochewycandy won on time"]

1. d3 g6 2. Nf3 Bg7 3. g3 c5 4. Bg2 Nc6 5. O-O e5 6. c4 Nge7 7. Nc3 O-O 8. Rb1 d6 9. a3 a5 10. b3 h6 11. Bb2 Be6 12. e3 d5 13. cxd5 Nxd5 14. Ne4 b6 15. Qe2 Qe7 16. Rfd1 Rfd8 17. Rbc1 Nc7 18. Ned2 Bd5 19. Nc4 Rab8 20. h4 Qe6 21. h5 g5 22. Nfd2 Bxg2 23. Kxg2 b5 24. Nxa5 Nxa5 25. Rxc5 Na6 26. Rc3 b4 27. axb4 Nxb4 28.
Nc4 Nxc4 29. Rxc4 Nd5 30. Qc2 Nf6 31. Rc6 Qd5+ 32. e4 Nxe4 0-1

[Event "Late-Titled-Tuesday-Blitz-June-18-2024"]
[Site "Chess.com"]
[Date "2024.06.18"]
[Round "1"]
[White "The_Sherman_Variation"]
[Black "insatiable27"]
[Result "1-0"]
[WhiteElo "2652"]
[BlackElo "2349"]
[TimeControl "180+1"]
[EndTime "14:05:47 PDT"]
[Termination "The_Sherman_Variation won by checkmate"]

1. e4 e5 2. d4 exd4 3. Qxd4 Nc6 4. Qe3 d6 5. Nc3 Be6 6. Bd2 Nge7 7. O-O-O g6 8. Nd5 Bg7 9. Bc3 O-O 10. Nf6+ Kh8 11. Nf3 Ng8 12. Nxh7 Kxh7 13. Ng5+ Kh8 14. Nxe6 Qh4 15.
Bxg7+ Kh7 16. g3 Qh5 17. Be2 Qa5 18. Bxf8 fxe6 19. Qf4 Ne5 20. Kb1 g5 21. Qxg5 Rxf8 22. f4 Nc4 23. Bxc4 Qb4 24. Bd3 e5 25. fxe5 dxe5 26.
Qxe5 Rf6 27. Rhf1 Rb6 28. Rf7+ Kg6 29. Qg7+ Kh5 30. Rf5# 1-0